 Dungeon Crawl Stone Soup version 0.23-a0-143-g1adec7bb76 (webtiles) character file.

39 Holzbalken the Sneak (level 3, -4/16 HPs)
             Began as a Spriggan Enchanter on Sept 5, 2018.
             Slain by an adder (5 damage)
             ... on level 1 of the Dungeon.
             The game lasted 00:09:05 (1502 turns).

Holzbalken the Sneak (Spriggan Enchanter)           Turns: 1502, Time: 00:09:06

Health: -4/16      AC:  2    Str:  5    XL:     3   Next: 28%
Magic:  8/8        EV: 18    Int: 16    God:
Gold:   67         SH:  0    Dex: 16    Spells: 2/8 levels left

rFire    . . .     SeeInvis +   e - +1 dagger (venom)
rCold    . . .     Gourm    .   (shield restricted)
rNeg     . . .     Faith    .   b - +0 robe
rPois    .         Spirit   .   (helmet restricted)
rElec    .         Reflect  .   (no cloak)
rCorr    .         Harm     .   (gloves unavailable)
MR       .....                  (boots unavailable)
Stlth    +++.......             (no amulet)
HPRegen  0.05/turn              (no ring)
MPRegen  0.11/turn              (no ring)

@: lethally poisoned (-4 -> -15), very quick
A: very small, unfitting armour, see invisible, herbivore, speed 3, slow
metabolism 2
a: no special abilities


You were on level 1 of the Dungeon.
You were not hungry.

You visited 1 branch of the dungeon, and saw 2 of its levels.

You collected 67 gold pieces.

Inventory:

Hand Weapons
 a - a +1 dagger
 e - a +1 dagger of venom (weapon)
Armour
 b - a +0 robe (worn)
Scrolls
 c - 2 scrolls of identify {unknown}
 f - a scroll of amnesia {unknown}
 g - a scroll of remove curse {unknown}
 h - a scroll of random uselessness {unknown}
 i - a scroll of magic mapping {unknown}
 j - a scroll of teleportation {unknown}
Comestibles
 d - 5 rations


   Skills:
 - Level 1.1 Short Blades
 - Level 3.0 Dodging
 * Level 5.7 Stealth
 + Level 3.2 Spellcasting
 + Level 4.1 Hexes


You had 2 spell levels left.
You knew the following spells:

 Your Spells              Type           Power        Failure   Level  Hunger
a - Corona                Hex            ###....      3%          1    None
b - Ensorcelled Hibernat  Hex/Ice        #.....       12%         2    ##.....
c - Confuse               Hex            ###.....     10%         3    ###....

Your spell library contained the following spells:

 Spells                   Type           Power        Failure   Level  Hunger
 Tukima's Dance           Hex            ###.....     10%         3    ###....
 Dazzling Spray           Conj/Hex       #.....       24%         3    ###....


Dungeon Overview and Level Annotations

Branches:
Dungeon (2/15)

Altars:


Innate Abilities, Weirdness & Mutations

You are very small and have problems with some larger weapons.
You are too small for most types of armour.
You have supernaturally acute eyesight. (SInv)
You are a herbivore.
You cover ground extremely quickly.
You need to consume almost no food.


Message History

The adder is moderately wounded.
The adder bites you.
You are lethally poisoned!
The adder poisons you!
You hit the adder but do no damage.
The adder is moderately wounded.
You feel sick. The adder bites you.
* * * LOW HITPOINT WARNING * * *
You are more poisoned.
The adder poisons you! The adder completely misses you.
You aren't carrying any potions.
You closely miss the adder.
The adder is moderately wounded.
* * * LOW HITPOINT WARNING * * *
You feel sick. The adder completely misses you.
You closely miss the adder.
The adder is heavily wounded.
* * * LOW HITPOINT WARNING * * *
You feel sick. The adder bites you.
You die...

.......# #..........# .......#
#..........##### .......#
#.#.....#......# .......#
#....#......##.#
..###########.#.....#...##.#
..##........#...........##.####
............####........#.....#
............####.......#####.##
................@###.....# #.#
..####..##......S...####.# #.####
..# ##.##..........# #.# #...#.
#######.##..........####.# ###.#.
....................+....# #.#.
.........................#####.#.
............####.##.####.......#.
...†÷............#...#.#.#.......
.............##..#.##.8.##..####.


You could see an adder.

Vanquished Creatures
  A dart slug (D:1)
  A leopard gecko (D:1)
  A giant cockroach (D:1)
  7 goblins
  4 hobgoblins (D:1)
  8 jackals (D:1)
  5 bats (D:1)
  A frilled lizard (D:1)
  3 rats (D:1)
31 creatures vanquished.

Notes
Turn   | Place    | Note
-------+----------+-------------------------------------------
     0 | D:1      | Holzbalken the Spriggan Enchanter began the quest for the
                  | Orb.
     0 | D:1      | Reached XP level 1. HP: 9/9 MP: 5/5
   273 | D:1      | Reached XP level 2. HP: 13/13 MP: 6/6
   298 | D:1      | Reached skill level 5 in Stealth
   352 | D:1      | Learned a level 2 spell: Ensorcelled Hibernation
   799 | D:1      | Reached XP level 3. HP: 15/16 MP: 8/8
   828 | D:1      | Learned a level 3 spell: Confuse
  1502 | D:1      | Slain by an adder

Vault maps used:
D:1:      saegor_arrival_simple_e, minmay_misc_feat_five, minmay_hexomino_f4
D:2:      eat_drink_and_be_merry_uskayaw, nicolae_overflow_hidden_temple,
          old_standard_altar, chequers_ecumenical_altar_lobes,
          kennysheep_flooded_box

Skill      XL: |  1  2 |
---------------+-------+-----
Stealth        | 5 |  5.7
Spellcasting   | 3 |  3.2
Hexes          | 4 |  4.1
Short Blades   | |  1.1
Dodging        | |  3.0

Action                   || total
-------------------------++-------
Melee: Dagger            ||   113
 Cast: Ensorcelled Hiber ||     1
 Stab: Sleeping          ||     3
       Distracted        ||     2
Armor: Robe              ||     6
Dodge: Dodged            ||    82

Table legend:
 A = Non-vault XP
 B = Vault XP
 C = Vault XP percentage of total XP
 D = Non-vault monster count
 E = Vault monster count
 F = Vault count percentage of total count
                 A         B        C        D         E       F
            +---------+---------+-------+---------+---------+-------
      Total |      52 |       5 |   8.8 |      28 |       3 |   9.7
            +---------+---------+-------+---------+---------+-------
        D:1 |      51 |       5 |   8.9 |      27 |       3 |  10.0
        D:2 |       1 |       0 |   0.0 |       1 |       0 |   0.0
            +---------+---------+-------+---------+---------+-------
